 Dungeon Crawl Stone Soup version 0.29.1-1-gd02db6906a (webtiles) character file.

Game seed: 17183499469249035180

279 Ashen the Chiller (level 6, 46/46 HPs)
             Began as a Demonspawn Ice Elementalist on Sept 15, 2022.
             Got out of the dungeon alive.
             The game lasted 00:05:32 (2996 turns).

Ashen the Chiller (Demonspawn Ice Elementalist)     Turns: 2996, Time: 00:05:32

Health: 46/46      AC:  4    Str:  8    XL:     6   Next: 5%
Magic:  10/10      EV: 13    Int: 18    God:
Gold:   171        SH:  0    Dex: 14    Spells: 10/11 levels left

rFire   . . .      SeeInvis +   v - +2 dagger (drain)
rCold   . . .      Faith    .   (no shield)
rNeg    . . .      Spirit   .   a - +0 robe
rPois   .          Reflect  .   m - +0 helmet
rElec   .          Harm     .   (no cloak)
rCorr   .          Rampage  .   e - +0 pair of gloves
Will    .....                   (no boots)
Stlth   ++........              (no amulet)
HPRegen 0.15/turn               k - ring of see invisible
MPRegen 0.12/turn               (no ring)

@: no status effects
A: claws 1, foul stench 1, demonic magic 1
a: no special abilities


You escaped.
You visited 1 branch of the dungeon, and saw 3 of its levels.

You collected 171 gold pieces.

Inventory:

Hand Weapons
 n - a +1 whip of venom
 v - a +2 dagger of draining (weapon)
 B - a +0 rapier
Armour
 a - a +0 robe (worn)
 e - a +0 pair of gloves (worn)
 m - a +0 helmet (worn)
Jewellery
 k - a ring of see invisible (left hand)
 u - a ring of flight
 y - an amulet of guardian spirit
Wands
 A - a wand of flame (21)
Scrolls
 h - a scroll of noise {unknown}
 i - 2 scrolls of poison {unknown}
 j - a scroll of silence
 o - a scroll of blinking {unknown}
 p - a scroll of teleportation {unknown}
 t - a scroll of immolation
Potions
 b - a potion of magic
 c - 4 potions of curing
 d - a potion of invisibility
 f - 2 potions of haste {unknown}
 l - a potion of heal wounds {unknown}
 q - a potion of lignification {unknown}
 r - a potion of attraction {unknown}
 s - a potion of mutation
 w - a potion of brilliance {unknown}
 x - a potion of cancellation {unknown}
 z - a potion of flight {unknown}


   Skills:
 + Level 2.4 Fighting
 + Level 3.0 Dodging
 + Level 3.1 Stealth
 + Level 3.1 Spellcasting
 + Level 4.4 Ice Magic


You had 10 spell levels left.
You knew the following spells:

 Your Spells              Type           Power      Damage    Failure   Level
a - Freeze                Ice            72%        1d9       2%          1

Your spell library contained the following spells:

 Spells                   Type           Power      Damage    Failure   Level
 Frozen Ramparts          Ice            36%        1d6       8%          3
 Ozocubu's Armour         Ice            18%        N/A       8%          3
 Gell's Gravitas          Tloc           2%         N/A       43%         3
 Teleport Other           Tloc           2%         N/A       43%         3
 Hailstorm                Conj/Ice       10%        3d5       54%         4
 Dispersal                Tloc           1%         N/A       100%        6


Dungeon Overview and Level Annotations

Branches:
Dungeon (3/15)

Altars:
Nemelex Xobeh


Innate Abilities, Weirdness & Mutations

You have sharp fingernails.
You may rarely emit foul miasma when damaged in melee.
Spells you cast may paralyse adjacent enemies.


Message History

Confirm with . or Enter, or press ? or * to list all spells.
Aiming: Freeze (safe; 2% risk of failure)
Press: ? - help, Shift-Dir - straight line, f/p - gnoll
Aim: a gnoll, wielding a +0 club (heavily wounded)
You freeze the gnoll!
You kill the gnoll!
Malevolent energies surge around you.
Your Dodging skill increases to level 3!
Items here: )) ††.
A ball python comes into view.
The ball python hisses angrily.
You hit the ball python.
You kill the ball python!
No target in view!
You see here a ball python corpse.
c - 4 potions of curing (gained 1)
You see here a bat skeleton.
Done exploring.
Done exploring.
Done exploring.
No target in view!
No target in view!
Done exploring.
(D) Dungeon
Where to? (Enter - D:2 @ (x,y), ? - help)
There is a shaft here.
There is a stone staircase leading up here.
You climb upwards.
There is a stone staircase leading down here.
(D) Dungeon
Where to? (Enter - D:2 @ (x,y), ? - help)
What level of the Dungeon? (default 1, ? - help)
There is an open door here.
There is an open door here.
There is a stone staircase leading up here.
You climb upwards.
There is a stone staircase leading down here.
There is a staircase leading out of the dungeon here.
Are you sure you want to leave the Dungeon?
This will make you lose the game!
You have escaped!

.....................####.##.####
######.#..#.....~.....###.##.#
#...#..........~~~.....##....#
#.#.....#.....~~~~~.....###### #
#.#....#.....~.....~.....## ##
#.##........~≈~...≈~~.....## #.
#..........~~~~~.~~~~~.....## ##.
###.......~...........~.....###..
..>......~≈~....@....≈~≈.....##.#
...#....~~~~≈.......~~~~~....##.#
...#...~.....~.....~.....~...##.#
...#..~~≈...~≈~...~~~...~~~..##.#
...#.~~~~~.~~~~~.~~~~~.~~~~~.##+#
...#.............................
...............#.#...............
..##....##.............######....
..##.##.#........#.###.# #....


There were no monsters in sight!

Vanquished Creatures
  A water moccasin (D:3)
  A hound (D:3)
  4 gnolls (D:3)
  4 adders
  A worm (D:2)
  2 dart slugs
  An orc (D:3)
  6 ball pythons
  6 endoplasms
  2 giant cockroaches
  4 hobgoblins
  3 jackals (D:3)
  3 kobolds
  3 quokkas
  6 bats
  A frilled lizard (D:1)
  5 goblins
  A rat (D:3)
54 creatures vanquished.

Notes
Turn   | Place    | Note
-------+----------+-------------------------------------------
     0 | D:1      | Ashen the Demonspawn Ice Elementalist began the quest for
                  | the Orb.
     0 | D:1      | Reached XP level 1. HP: 13/13 MP: 3/3
   418 | D:1      | Gained mutation: Spells you cast may paralyse adjacent
                  | enemies. [demonic ancestry]
   418 | D:1      | Reached XP level 2. HP: 17/20 MP: 3/5
   691 | D:1      | Found a faded altar of an unknown god.
  1183 | D:2      | Reached skill level 1 in Fighting
  1183 | D:2      | Gained mutation: You have sharp fingernails. [demonic
                  | ancestry]
  1183 | D:2      | Reached XP level 3. HP: 26/26 MP: 2/6
  1899 | D:2      | Reached XP level 4. HP: 30/32 MP: 4/7
  2132 | D:3      | Reached skill level 4 in Ice Magic
  2292 | D:3      | Noticed a water moccasin
  2298 | D:3      | Killed a water moccasin
  2299 | D:3      | Reached XP level 5. HP: 38/38 MP: 7/9
  2493 | D:3      | Found a sparkling altar of Nemelex Xobeh.
  2677 | D:3      | Gained mutation: You may rarely emit foul miasma when
                  | damaged in melee. [demonic ancestry]
  2677 | D:3      | Reached XP level 6. HP: 35/45 MP: 8/10
  2996 | D:$      | Got out of the dungeon alive.

Illustrated notes

Levels and vault maps discovered:
D:1:      onia_arrival_pyramid, layout_basic,
          shapermc_ecumenical_altar_flowoftime, columned_hall_lemuel,
          minmay_bisected
D:2:      layout_basic, minivault_25
D:3:      layout_loops_ring, nemelex_xobeh_ov_fountains_minmay,
          minmay_misc_feat_diagonals

Skill      XL: |  1  2  3  4  5  6 |
---------------+-------------------+-----
Stealth        | 2 3 |  3.1
Dodging        | 2 3 |  3.0
Fighting       | 1 2 |  2.4
Ice Magic      | 4 |  4.4
Spellcasting   | 3 |  3.1

Action                   |  1- 3 |  4- 6 || total
-------------------------+-------+-------++-------
Melee: Unarmed           |    49 |       ||    49
       Short sword       |    31 |     4 ||    35
       Whip              |       |    15 ||    15
       Dagger            |       |    36 ||    36
       Punch             |       |     2 ||     2
 Cast: Freeze            |    37 |     9 ||    46
  Use: Scroll            |       |     6 ||     6
 Stab: Sleeping          |     4 |     5 ||     9
       Paralysed         |     9 |     9 ||    18
Armor: Robe              |    40 |    14 ||    54
Dodge: Dodged            |    70 |    36 ||   106
